 Seeded DCSS version 0.29.1-15-g9cfb28693d (webtiles) character file.

Game seed: 8515177902725472229 (custom seed)

77 Psyclone the Firebug (level 4, 24/24 HPs)
             Began as a Deep Elf Fire Elementalist on Oct 1, 2023.
             Quit the game on level 2 of the Dungeon.
             The game lasted 00:03:34 (2380 turns).

Psyclone the Firebug (Deep Elf Fire Elementalist)   Turns: 2380, Time: 00:03:34

Health: 24/24      AC:  5    Str:  5    XL:     4   Next: 13%
Magic:  8/11       EV: 13    Int: 22    God:
Gold:   1682       SH:  0    Dex: 15    Spells: 9/10 levels left

rFire   . . .      SeeInvis +   (no weapon)
rCold   . . .      Faith    .   (no shield)
rNeg    . . .      Spirit   .   a - +0 robe
rPois   .          Reflect  .   (no helmet)
rElec   .          Harm     .   d - +2 cloak of the Thief {*Fog Slay-2 SInv Stlth+}
rCorr   .          Rampage  .   (no gloves)
Will    .....                   (no boots)
Stlth   +++.......              o - amulet of the acrobat
HPRegen 0.08/turn               (no ring)
MPRegen 0.12/turn               (no ring)

@: no status effects
A: no striking features
a: no special abilities


You were on level 2 of the Dungeon.
You visited 1 branch of the dungeon, and saw 2 of its levels.

You collected 1682 gold pieces.

Inventory:

Missiles
 p - 2 throwing nets {!f}
Armour
 a - a +0 robe (worn)
 d - the +2 cloak of the Thief (worn) {*Fog Slay-2 SInv Stlth+}
   (You acquired it on level 2 of the Dungeon)

   It may release a thick cloud of smoke when the wearer is hurt.
   Slay:      It affects your accuracy & damage with ranged weapons and melee
   (-2).
   SInv:      It lets you see invisible.
   Stlth:     It makes you more stealthy.
Jewellery
 o - an amulet of the acrobat (around neck)
Scrolls
 i - 3 scrolls of blinking {unknown}
 k - a scroll of noise {unknown}
 m - a scroll of vulnerability {unknown}
 n - a scroll of teleportation {unknown}
Potions
 b - a potion of magic
 c - 3 potions of curing
 e - a potion of attraction {unknown}
 f - a potion of might {unknown}
 g - a potion of flight {unknown}
 h - 2 potions of heal wounds {unknown}
 j - a potion of mutation {unknown}
 l - 2 potions of haste {unknown}


   Skills:
 + Level 3.2 Dodging
 + Level 3.3 Stealth
 + Level 3.7 Spellcasting
 + Level 2.1 Conjurations
 + Level 3.8 Fire Magic


You had 9 spell levels left.
You knew the following spells:

 Your Spells              Type           Power      Damage    Failure   Level
a - Foxfire               Conj/Fire      68%        2x1d7     3%          1

Your spell library contained the following spells:

 Spells                   Type           Power      Damage    Failure   Level
 Scorch                   Fire           42%        2d7       3%          2
 Conjure Flame            Conj/Fire      17%        6-21      10%         3
 Slow                     Hex            16%        N/A       12%         1
 Inner Flame              Hex/Fire       12%        N/A       16%         3
 Flame Wave               Conj/Fire      17%        2d7       32%         4
 Confusing Touch          Hex            4%         N/A       34%         3
 Vampiric Draining        Necr           4%         2d6       34%         3
 Passage of Golubria      Tloc           4%         N/A       75%         4
 Silence                  Hex/Air        2%         N/A       97%         5
 Lehudib's Crystal Spear  Conj/Erth      4%         10d3      100%        8


Dungeon Overview and Level Annotations

Branches:
Dungeon (2/15) Zot: 9620

Altars:


Message History

You now have 6/10 mp.
The foxfire hits the gnoll.
The gnoll is heavily wounded.
There is a stone staircase leading up here.
You see here a jackal corpse.
Casting: Foxfire (safe; 3% risk of failure)
Confirm with . or Enter, or press ? or * to list all spells.
You conjure some foxfire!
The foxfire hits the gnoll!
You kill the gnoll!
You have reached level 4!
You feel clever.
Health restored: 24 You now have 5/11 mp.
Casting: Foxfire (safe; 3% risk of failure)
Confirm with . or Enter, or press ? or * to list all spells.
You conjure some foxfire!
You now have 4/11 mp.
Casting: Foxfire (safe; 3% risk of failure)
Confirm with . or Enter, or press ? or * to list all spells.
You conjure some foxfire!
You now have 3/11 mp.
d - 4 scrolls of acquirement (gained 3)
Things that are here:
a +0 quarterstaff; a jackal corpse Your foxfire dissipates! x2
Your foxfire dissipates!
There is a stone staircase leading up here.
p - a throwing net {!f}
Okay, then.
p - 2 throwing nets {!f} (gained 1)
There is an escape hatch in the ceiling here.
Something appears at your feet! Something appears at your feet!
Something appears at your feet! Something appears at your feet!
You start putting on your armour.
You continue putting on the +2 cloak of the Thief {*Fog Slay-2 SInv Stlth+}. x4
You finish putting on the +2 cloak of the Thief {*Fog Slay-2 SInv Stlth+}.
You now have 1682 gold pieces (gained 1617).
You see here the +1 buckler of a bailey {+Blink rPois rCorr Str-5}.
Are you sure you want to abandon this character and quit the game? (Confirm with "yes".)

# #.....# ####.###.###.##
# #####.###.#
#.......#....# #...#.###.#
#.#...##.#####
..........###..###.#.#
#...#.##.......# #...#
##.#####.####<.###.#######
#.# #.##.......)))....#
#.# #.##.#.....######.#
#.# #.##.####@.# ..
#.#####.##.# #..# ##
##..........####..#
#...#.............#
#.#...##.########.#
#...####.# #.# ##.## #..#
#.# #.# #.## #.# #.# #)#
##.#


There were no monsters in sight!

Vanquished Creatures
  4 gnolls (D:2)
  2 dart slugs (D:1)
  5 bats
  An endoplasm (D:1)
  2 giant cockroaches (D:1)
  3 goblins
  4 hobgoblins
  5 jackals
  3 frilled lizards (D:1)
  A kobold (D:1)
  3 rats
33 creatures vanquished.

Vanquished Creatures (others)
  186 foxfires
186 creatures vanquished.

Grand Total: 219 creatures vanquished

Notes
Turn   | Place    | Note
-------+----------+-------------------------------------------
     0 | D:1      | Psyclone the Deep Elf Fire Elementalist began the quest for
                  | the Orb.
     0 | D:1      | Reached XP level 1. HP: 10/10 MP: 6/6
    38 | D:1      | Identified a scroll of acquirement
   318 | D:1      | Reached XP level 2. HP: 15/15 MP: 2/8
  1444 | D:2      | Reached XP level 3. HP: 16/19 MP: 4/9
  2343 | D:2      | Reached XP level 4. HP: 24/24 MP: 5/11
  2367 | D:2      | Acquired 776 gold pieces
  2368 | D:2      | Acquired the +1 buckler of a bailey {+Blink rPois rCorr
                  | Str-5}
  2369 | D:2      | Acquired 841 gold pieces
  2370 | D:2      | Acquired the +2 cloak of the Thief {*Fog Slay-2 SInv
                  | Stlth+}
  2370 | D:2      | Found the +2 cloak of the Thief {*Fog Slay-2 SInv Stlth+}
  2380 | D:2      | Quit the game

Illustrated notes

Levels and vault maps discovered:
D:1:      sevenhm_arrival_forest_fort_large_4, layout_basic,
          nrook_loot_triangle, minmay_lizard_pond
D:2:      layout_loops_ring, basic_altar, serial_shops,
          nicolae_shop_temple_entry_statues_fountains

Skill      XL: |  1  2  3 |
---------------+----------+-----
Stealth        | 3 |  3.3
Dodging        | 3 |  3.2
Conjurations   | 2 |  2.1
Spellcasting   | |  3.7
Fire Magic     | |  3.8

Action                   |  1- 3 |  4- 6 || total
-------------------------+-------+-------++-------
 Cast: Foxfire           |   115 |     2 ||   117
  Use: Scroll            |     1 |     4 ||     5
Armor: Robe              |     2 |       ||     2
Dodge: Dodged            |    16 |       ||    16
